 Dungeon Crawl Stone Soup version 0.31-a0-795-g5eb97db20b (webtiles) character file.

Game seed: 12757485513770816197

25 ryw the Slasher (level 3, 28/29 HPs)
             Began as a Human Fighter on Sept 18, 2023.
             Quit the game on level 1 of the Dungeon.
             The game lasted 00:01:10 (538 turns).

ryw the Slasher (Human Fighter)                      Turns: 538, Time: 00:01:10

Health: 28/29      AC:  6    Str: 18    XL:     3   Next: 20%
Magic:  3/3        EV:  9    Int:  8    God:
Gold:   12         SH:  4    Dex: 12    Spells: 2/2 levels left

rFire   . . .        a - +0 long sword
rCold   . . .        c - +0 buckler
rNeg    . . .        b - +0 scale mail
rPois   .            (no helmet)
rElec   .            (no cloak)
rCorr   .            (no gloves)
SInv    .            (no boots)
Will    .....        (no amulet) Stlth
                     (no ring)
HPRegen 0.24/turn    (no ring)
MPRegen 0.08/turn

%: no passive effects
@: no status effects
A: no striking features
a: no special abilities


You were on level 1 of the Dungeon.
You visited 1 branch of the dungeon, and saw 1 of its levels.

You collected 12 gold pieces.

Inventory:

Hand Weapons
 a - a +0 long sword (weapon)
Armour
 b - a +0 scale mail (worn)
 c - a +0 buckler (worn)
Scrolls
 e - a scroll of identify {unknown}
 h - a scroll of teleportation {unknown}
Potions
 d - a potion of might
 f - a potion of haste {unknown}
 g - a potion of lignification {unknown}


   Skills:
 - Level 3.0 Fighting
 + Level 3.4 Long Blades
 - Level 3.0 Armour
 - Level 3.0 Shields


You had 2 spell levels left.
You didn't know any spells.
Your spell library was empty.

Dungeon Overview and Level Annotations

Branches:
Dungeon (1/15)

Altars:


Message History

A bat comes into view.
The hobgoblin hits you but does no damage.
You closely miss the hobgoblin. The hobgoblin closely misses you.
You barely miss the hobgoblin. You block the hobgoblin's attack.
The hobgoblin misses you.
You barely miss the hobgoblin. The hobgoblin barely misses you.
You closely miss the hobgoblin.
The hobgoblin hits you but does no damage.
You hit the hobgoblin.
The hobgoblin is severely wounded.
The hobgoblin hits you but does no damage.
You completely miss the hobgoblin.
The hobgoblin is severely wounded.
The hobgoblin hits you but does no damage.
The hobgoblin barely misses you.
You hit the hobgoblin.
The hobgoblin is almost dead.
The hobgoblin hits you.
You slash the hobgoblin!
You kill the hobgoblin!
The bat barely misses you. The bat hits you but does no damage.
You barely miss the bat. The bat hits you but does no damage. x2
You closely miss the bat. The bat hits you but does no damage.
The bat barely misses you. The bat hits you but does no damage.
You closely miss the bat. The bat barely misses you.
No target in view!
No target in view!
A bat is nearby!
You closely miss the bat. The bat hits you but does no damage.
The bat closely misses you.
You hit the bat but do no damage. The bat barely misses you. The bat hits you.
You barely miss the bat. The bat hits you but does no damage.
The bat closely misses you.
No target in view!
No target in view!
No target in view!
Your movement speed is average.
Your attack delay is about 1.2.
Your damage rating with your +0 long sword is about 11 (Base 10 x 105% (Dex) x 111% (Skill)).
Unknown command.
Are you sure you want to abandon this character and quit the game? (Confirm with "yes".)

#....)..........
.....[.....######..
#####...##.##......
#......##.##.###..
#.##..###..#.#....
##.##..##.....#.#..
......##.#........
#$#...##.....#....
######@#...##.###.#...#
........$......###.#...#
######.###..##.....#...#
#. #.............# #.
#.####...##.... #. #.#
##.####.## #.
##.#####........ #.
.........#######
.........# #


There were no monsters in sight!

Vanquished Creatures
  3 bats (D:1)
  2 endoplasms (D:1)
  A giant cockroach (D:1)
  3 hobgoblins (D:1)
  4 jackals (D:1)
  4 ball pythons (D:1)
  A frilled lizard (D:1)
  2 kobolds (D:1)
  4 rats (D:1)
24 creatures vanquished.

Notes
Turn   | Place    | Note
-------+----------+-------------------------------------------
     0 | D:1      | ryw the Human Fighter began the quest for the Orb.
     0 | D:1      | Reached XP level 1. HP: 18/18 MP: 1/1
    78 | D:1      | Reached XP level 2. HP: 23/24 MP: 2/2
   493 | D:1      | Reached XP level 3. HP: 28/29 MP: 3/3
   538 | D:1      | Quit the game

Illustrated notes

Levels and vault maps discovered:
D:1:      spicycebolla_arrival_ecumenical, layout_loops_ring,
          minmay_heptomino_h4

Skill      XL: |  1  2 |
---------------+-------+-----
Long Blades    | 3 |  3.4
Fighting       | |  3.0
Armour         | |  3.0
Shields        | |  3.0

Action                     || total
---------------------------++-------
  Melee: Long sword        ||    73
 Armour: Scale mail        ||    51
  Dodge: Dodged            ||    30
  Block: Buckler           ||    17

Table legend: (Time is in decaauts)
 A = Elapsed time spent in this place.
 B = Non-inter-level travel time spent in this place.
 C = Inter-level travel time spent in this place.
 D = Time resting spent in this place.
 E = Time spent auto-exploring this place.
 F = Levels seen in this place.
 G = Mean time per level.
                   A        B        C        D        E       F      G
               +--------+--------+--------+--------+--------+-----+--------+
         Total |    558 |    558 |      0 |     20 |    382 |   1 |  558.0 |
       Dungeon |    558 |    558 |      0 |     20 |    382 |   1 |  558.0 |
               +--------+--------+--------+--------+--------+-----+--------+

Top non-repeatable levels by time:
     D:1: 558 daAuts
